Map: Fields of Death

Players

TimeTwist - Winner!

  • Race: Terran Terran
  • Spawn Location: 7:00

Scaramanga

  • Race: Terran Terran
  • Spawn Location: 12:00

dallaskuken

  • Race: Protoss Protoss
  • League: Platinum
  • Spawn Location: 12:00

Loken - Winner!

  • Race: Protoss Protoss
  • League: Platinum
  • Spawn Location: 6:00

VOD

Have the link to the VOD?

Description

Time

  • Played on: March 15, 2017, 6:58 p.m.
  • Length: 3:47
Show
View Real Time Build Order
Export as new Build Order

TimeTwist Terran - Winner!

Build Orders:  

Get SALT Encoding   

  12  0:01  SCV  
  13  0:15  Supply Depot  
  13  0:21  SCV  
  14  0:41  Barracks  
  14  0:42  SCV  
  15  0:52  Refinery  
  15  0:57  SCV  
  16  1:12  SCV  
  16  1:15  Barracks  
  18  1:28  Orbital Command  
  17  1:39  Marine  
  18  1:59  Marine  
  19  2:07  Marine  
  20  2:17  Marine  
  20  2:22  SCV  
  22  2:25  Marine  
  23  2:44  Marine  
  23  2:51  Bunker  
Show
View Real Time Build Order
Export as new Build Order

Scaramanga Terran 

Build Orders: Reaper Expand 

Get SALT Encoding   

  12  0:01  SCV  
  13  0:13  SCV  
  14  0:19  Supply Depot  
  14  0:25  SCV  
  15  0:41  SCV  
  16  0:43  Barracks  
  16  0:49  Refinery  
  16  0:56  SCV  
  17  1:08  SCV  
  18  1:20  SCV  
  19  1:28  Command Center  
  19  1:36  Reaper  
  20  1:41  Orbital Command  
  20  2:07  SCV  
  21  2:19  SCV, Supply Depot  
  22  2:28  Factory, Barracks  
  22  2:30  Marine  
  23  2:39  SCV  
  24  2:48  Marine  
  25  2:51  SCV  
  25  2:57  Orbital Command, Bunker  
  25  3:05  Marine  
  23  3:23  Marine  
Show
View Real Time Build Order
Export as new Build Order

dallaskuken Protoss 

Build Orders:  

Get SALT Encoding   

  12  0:01  Probe (Chrono Boost)  
  13  0:11  Probe (Chrono Boost)  
  14  0:21  Pylon  
  14  0:31  Probe (Chrono Boost)  
  15  0:41  Probe (Chrono Boost)  
  16  0:46  Pylon  
  16  0:59  Pylon  
  16  1:04  Pylon  
  16  1:09  Forge  
  16  1:45  Photon Cannon  
  16  1:50  Photon Cannon  
  16  1:55  Pylon  
  16  2:08  Pylon  
  16  2:14  Photon Cannon  
  16  2:20  Photon Cannon  
  16  2:22  Photon Cannon  
  16  2:32  Pylon  
  16  2:40  Pylon  
  16  2:51  Photon Cannon  
  16  2:57  Pylon  
  14  3:17  Pylon  
Show
View Real Time Build Order
Export as new Build Order

Loken Protoss - Winner!

Build Orders:  

Get SALT Encoding   

  12  0:01  Probe (Chrono Boost)  
  13  0:12  Probe (Chrono Boost)  
  14  0:20  Pylon  
  14  0:26  Probe (Chrono Boost)  
  15  0:38  Probe (Chrono Boost)  
  16  0:48  Pylon, Probe (Chrono Boost)  
  17  1:00  Probe (Chrono Boost)  
  18  1:13  Gateway  
  18  1:15  Gateway  
  18  1:50  Pylon  
  18  1:52  Assimilator  
  18  2:02  Zealot x2  
  18  2:08  Probe (Chrono Boost)  
  23  2:13  Cybernetics Core  
  23  2:19  Probe (Chrono Boost)  
  24  2:29  Zealot x2  
  28  2:37  Probe (Chrono Boost)  
  29  2:56  Zealot x2  
  33  3:08  Forge  
Tags
 
Add a new tag
Caveats
  • Supply blocks, unpowered buildings, or Contaminate may cause inaccurate times.
  • Supply counts are checked every 10 seconds.